 Dungeon Crawl Stone Soup version 0.21.1-1-g345015f (webtiles) character file.

28179 Fang the Cleaver (level 13, -3/86 HPs)
             Began as a Gargoyle Berserker on June 21, 2018.
             Was a High Priest of Trog.
             Slain by a four-headed hydra (6 damage)
             ... on level 6 of the Lair of Beasts on June 22, 2018.
             The game lasted 00:26:17 (21179 turns).

Fang the Cleaver (Gargoyle Berserker)              Turns: 21179, Time: 00:26:19

Health: -3/86      AC: 12    Str: 28    XL:     13   Next: 37%
Magic:  4/4        EV: 16    Int:  9    God:    Trog [*****.]
Gold:   1026       SH:  0    Dex: 10    Spells: 12/12 levels left

rFire    . . .     SeeInvis .   m - +4 hand axe (antimagic)
rCold    . . .     Gourm    .   (no shield)
rNeg     + . .     Faith    .   z - +1 robe of Happiness {+Inv rCorr}
rPois    ∞         Spirit   .   (no helmet)
rElec    +         Reflect  .   (no cloak)
rCorr    +         Harm     .   (no gloves)
MR       .....                  (no boots)
Stlth    +++.......             (no amulet)
HPRegen  0.24/turn              j - ring of flight
MPRegen  0.09/turn              r - +4 ring of strength

@: berserk cooldown, slowed, very slow
A: negative energy resistance 1, electricity resistance, unbreathing,
petrification resistance, rot immunity, AC +9
a: Berserk, Trog's Hand, Brothers in Arms, Burn Spellbooks, Renounce Religion,
Evoke Invisibility, Evoke Flight


You were on level 6 of the Lair of Beasts.
You worshipped Trog.
Trog was extremely pleased with you.
You were not hungry.

You visited 3 branches of the dungeon, and saw 17 of its levels.

You collected 1026 gold pieces.

Inventory:

Hand Weapons
 m - a +4 antimagic hand axe (weapon)
 H - a +3 antimagic battleaxe
 J - a +3 hand axe of flaming
Armour
 t - a +2 robe of cold resistance
 z - the +1 robe of Happiness (worn) {+Inv rCorr}
   (You found it on level 3 of the Lair of Beasts)

   It lets you turn invisible.
   It protects you from acid and corrosion.
Jewellery
 a - an uncursed ring of poison resistance {unknown}
 j - a ring of flight (left hand)
 r - a +4 ring of strength (right hand)
Wands
 f - a wand of scattershot (5)
 k - a wand of polymorph (12)
 B - a wand of paralysis (13)
 C - a wand of random effects (37)
 F - a wand of flame (14)
 O - a wand of acid (4)
Scrolls
 e - 2 scrolls of fear
 h - 6 scrolls of remove curse
 p - 3 scrolls of magic mapping
 v - a scroll of fog
 E - a scroll of enchant armour
 N - 4 scrolls of identify
 Q - a scroll of enchant weapon
 R - a scroll of teleportation
Potions
 b - 2 potions of resistance {unknown}
 d - a potion of magic {unknown}
 g - a potion of invisibility
 i - 2 potions of lignification
 l - 2 potions of agility
 n - 8 potions of flight
 q - a potion of berserk rage
 s - 7 potions of curing
 u - 2 potions of mutation
 w - 2 potions of might {unknown}
 D - a potion of ambrosia {unknown}
 G - 4 potions of haste {unknown}
 K - a potion of brilliance {unknown}
 L - a potion of heal wounds {unknown}
Books
 y - a book of Party Tricks

   Spells                             Type                      Level
   a - Summon Butterflies             Summoning                    1
   b - Apportation                    Translocation                1
   c - Lesser Beckoning               Translocation                3
   d - Tukima's Dance                 Hexes                        3
   e - Alistair's Intoxication        Transmutation/Poison         5
   f - Invisibility                   Hexes                        6
   Trog disapproves of the use of such an item.
Comestibles
 c - 16 rations
 o - 2 chunks of flesh


   Skills:
 + Level 12.1 Fighting
 + Level 13.9 Axes
 + Level 4.3 Armour
 + Level 8.8 Dodging
 + Level 7.2 Stealth


You had 12 spell levels left.
You didn't know any spells.

Dungeon Overview and Level Annotations

Branches:
Dungeon (10/15)            Temple (1/1) D:7            Lair (6/6) D:9
  Swamp (0/4) Lair:2        Snake (0/4) Lair:2        Slime (0/5) Lair:5
    Orc: D:9-12

Altars:
Ashenzari
Cheibriados
Dithmenos
Elyvilon
Fedhas
Gozag
Hepliaklqana
Kikubaaqudgha
Makhleb
Nemelex Xobeh
Okawaru
Qazlal
Ru
Sif Muna
Trog
Uskayaw
Vehumet
Wu Jian
Xom
Yredelemnul
Zin
The Shining One
Jiyva

Shops:
D:4 }   D:6 *


Innate Abilities, Weirdness & Mutations

You are resistant to torment.
Your stone body is resilient. (AC +9)
You are immune to poison.
You resist negative energy. (rN+)
You are resistant to electric shocks. (rElec)
You can survive without breathing.
You are immune to petrification.
You are immune to rotting.


Message History

You feel yourself slow down.
You start resting.
A four-headed hydra comes into view.
A four-headed hydra is nearby!
A four-headed hydra is nearby!
A four-headed hydra is nearby!
The four-headed hydra bites you!
* * * LOW HITPOINT WARNING * * *
The four-headed hydra bites you but does no damage.
The four-headed hydra closely misses you.
The four-headed hydra bites you but does no damage.
Your iron troll goes berserk!
You feel somewhat more hungry. The four-headed hydra misses you.
The four-headed hydra bites you but does no damage.
The four-headed hydra misses you.
The four-headed hydra closely misses you.
The four-headed hydra bites you.
* * * LOW HITPOINT WARNING * * *
The four-headed hydra bites you.
You die...

.... ..... .%... #
<....P .. ...... ##
####.. ......##. #...#
.[......### ##.<.#
..........## ###....#
....(.#TD@.# #.#...##.
#.......##'# ##....#..
#####.#.#..###
##......
##..+.8..######....#..
###......##.##...#...
###......#..†......
####.......##....
#....8.........
##.............


You could see a four-headed hydra and a friendly iron troll (berserk).

Vanquished Creatures
  Snorg (Lair:3)
  Harold (Lair:3)
  Fannar (Lair:2)
  2 two-headed ogres
  Pikel (D:7)
  2 black mambas
  An elephant (Lair:4)
  Joseph (D:8)
  11 spiny frogs
  A kobold demonologist (D:8)
  5 rime drakes
  7 komodo dragons
  A troll (D:9)
  A polar bear (Lair:2)
  14 blink frogs
  4 hippogriffs
  A shadow (D:8)
  5 wyverns
  The ghost of dedward the Chopper, an amateur MiBe of Trog (D:3)
  2 basilisks (Lair:2)
  24 yaks
  6 swamp worms (Lair:2)
  12 water moccasins
  12 porcupines
  2 orc warriors
  2 phantoms
  2 black bears
  4 slaves (D:7)
  2 ice beasts
  3 sky beasts
  2 ogres
  3 crocodiles
  Blork the orc (D:5)
  6 big kobolds (D:8)
  6 bullfrogs
  A gnoll sergeant (D:6)
  A scorpion (D:5)
  A water moccasin skeleton (D:5)
  3 killer bees (D:10)
  3 wights (D:9)
  3 howler monkeys
  An electric eel (Lair:2)
  5 crimson imps
  A jelly (D:6)
  5 hounds
  4 orc priests
  5 orc wizards
  A gnoll shaman (D:4)
  3 iguanas
  5 centaur skeletons
  4 worker ants
  5 hell rats (Lair:4)
  A killer bee zombie (D:6)
  2 hound zombies
  3 worker ant zombies
  14 gnolls
  A howler monkey skeleton (D:9)
  13 adders
  A shadow imp (D:8)
  An ooze (D:3)
  2 adder skeletons
  7 worms
  3 dart slugs (D:1)
  A leopard gecko (D:7)
  26 orcs
  4 giant cockroaches
  9 goblins
  14 hobgoblins
  4 jackals
  23 kobolds
  5 quokkas
  A ball python (D:2)
  6 bats
  8 frilled lizards
  A leopard gecko skeleton (D:4)
  2 quokka skeletons
  15 rats
  4 plants
372 creatures vanquished.

Vanquished Creatures (collateral kills)
  2 hydras
2 creatures vanquished.

Vanquished Creatures (others)
  8 fungi
  4 plants (Lair:2)
12 creatures vanquished.

Grand Total: 386 creatures vanquished

Notes
Turn   | Place    | Note
-------+----------+-------------------------------------------
     0 | D:1      | Fang the Gargoyle Berserker began the quest for the Orb.
     0 | D:1      | Reached XP level 1. HP: 14/14 MP: 1/1
    82 | D:1      | Reached XP level 2. HP: 14/19 MP: 2/2
   116 | D:1      | Reached skill level 3 in Axes
   563 | D:1      | Reached XP level 3. HP: 19/24 MP: 3/3
   674 | D:1      | Reached ** piety under Trog
  1011 | D:2      | Reached XP level 4. HP: 24/29 MP: 4/4
  1125 | D:2      | Noticed a phantom
  1561 | D:2      | Killed a phantom
  1561 | D:2      | Reached skill level 4 in Axes
  1561 | D:2      | Reached XP level 5. HP: 22/33 MP: 5/5
  2384 | D:3      | Noticed dedward's ghost (amateur MiBe)
  2399 | D:3      | Killed dedward's ghost
  2399 | D:3      | Reached skill level 1 in Stealth
  2399 | D:3      | Reached XP level 6. HP: 15/39 MP: 6/6
  2965 | D:3      | Reached skill level 5 in Axes
  2971 | D:3      | Reached *** piety under Trog
  3112 | D:3      | Found a glowing silver altar of Zin.
  3112 | D:3      | Noticed an angel
  3311 | D:3      | Noticed a moth of wrath
  3313 | D:3      | Found a bloodstained altar of Trog.
  3330 | D:3      | Reached XP level 7. HP: 23/44 MP: 7/7
  4238 | D:4      | Reached **** piety under Trog
  4618 | D:4      | Found Fezoe's Gadget Emporium.
  4621 | D:4      | Reached skill level 6 in Axes
  4763 | D:4      | Found an iron altar of Okawaru.
  4765 | D:4      | Found a hazy altar of Hepliaklqana.
  4958 | D:4      | Reached skill level 5 in Fighting
  5192 | D:5      | Entered Level 5 of the Dungeon
  5207 | D:5      | Reached XP level 8. HP: 43/49 MP: 8/8
  5494 | D:5      | Noticed Blork the orc
  5502 | D:5      | Killed Blork the orc
  5733 | D:5      | Reached skill level 7 in Axes
  6336 | D:6      | Reached skill level 5 in Dodging
  6386 | D:6      | Found a shadowy altar of Dithmenos.
  6431 | D:6      | Reached XP level 9. HP: 36/55 MP: 9/9
  6714 | D:6      | Found Japse's Assorted Antiques.
  6973 | D:6      | Reached skill level 8 in Axes
  6984 | D:6      | Found a shimmering altar of Xom.
  7329 | D:7      | Reached ***** piety under Trog
  7363 | D:7      | Noticed Pikel
  7380 | D:7      | Killed Pikel
  7924 | D:7      | Reached skill level 9 in Axes
  8000 | D:7      | Found a staircase to the Ecumenical Temple.
  8447 | D:8      | Noticed a kobold demonologist
  8470 | D:8      | Reached XP level 10. HP: 63/63 MP: 10/10
  8471 | D:8      | Killed a kobold demonologist
  8594 | Temple   | Entered the Ecumenical Temple
  9018 | D:8      | Noticed a two-headed ogre
  9028 | D:8      | Killed a two-headed ogre
  9198 | D:8      | Reached skill level 10 in Axes
  9890 | D:8      | Noticed Joseph
  9906 | D:8      | Killed Joseph
  9906 | D:8      | Reached skill level 5 in Stealth
 10371 | D:9      | Received a gift from Trog
 10495 | D:9      | Found a hide-covered altar of Uskayaw.
 10585 | D:9      | Found a staircase to the Lair.
 10687 | D:9      | Noticed a two-headed ogre
 10695 | D:9      | Killed a two-headed ogre
 10695 | D:9      | Reached XP level 11. HP: 24/69 MP: 3/11
 11164 | D:10     | Entered Level 10 of the Dungeon
 11175 | D:10     | Reached skill level 11 in Axes
 11256 | Lair:1   | Entered Level 1 of the Lair of Beasts
 11828 | Lair:1   | Noticed a five-headed hydra
 11835 | Lair:1   | Killed a five-headed hydra
 13009 | Lair:2   | HP: 1/71 [spiny frog (15)]
 14032 | Lair:2   | Reached skill level 12 in Axes
 14394 | Lair:2   | Noticed Fannar
 14423 | Lair:2   | Killed Fannar
 14423 | Lair:2   | Reached XP level 12. HP: 70/77 MP: 12/12
 14901 | Lair:2   | Found a staircase to the Snake Pit.
 14911 | Lair:2   | Reached skill level 10 in Fighting
 15385 | Lair:2   | Found a staircase to the Swamp.
 16025 | Lair:3   | Got a fabulously ornate robe
 16036 | Lair:3   | Identified the +1 robe of Happiness {+Inv rCorr} (You found it on level 3 of the Lair of Beasts)
 16283 | Lair:3   | Noticed Snorg
 16295 | Lair:3   | Killed Snorg
 16576 | Lair:3   | Noticed Harold
 16591 | Lair:3   | Killed Harold
 17343 | Lair:4   | Reached skill level 13 in Axes
 17552 | Lair:4   | Noticed a four-headed hydra
 17567 | Lair:4   | Killed a three-headed hydra
 17637 | Lair:4   | HP: 2/79 [elephant (3)]
 18301 | Lair:4   | Reached XP level 13. HP: 84/84 MP: 13/13
 20393 | Lair:5   | Found a viscous altar of Jiyva.
 20733 | Lair:5   | Found a staircase to the Slime Pits.
 20927 | Lair:6   | Entered Level 6 of the Lair of Beasts
 20952 | Lair:6   | Received a gift from Trog
 21179 | Lair:6   | HP: 3/86 [four-headed hydra (6)]
 21179 | Lair:6   | Slain by a four-headed hydra

Skill      XL: |  1  2  3  4  5  6  7  8  9 10 11 12 13 |
---------------+----------------------------------------+-----
Axes           | 3 4 5 6 7 9 10 12 13 | 13.9
Dodging        | 2 3 4 5 6 7 8 |  8.8
Fighting       | 4 5 7 8 9 11 12 | 12.1
Stealth        | 1 2 3 4 5 6 7 |  7.2
Armour         | 4 |  4.3

Action                   |  1- 3 |  4- 6 |  7- 9 | 10-12 | 13-15 || total
-------------------------+-------+-------+-------+-------+-------++-------
Melee: Hand axe          |   109 |   185 |   456 |   475 |   150 ||  1375
       Battleaxe         |       |       |       |    86 |       ||    86
Invok: Berserk           |     1 |     7 |    11 |    23 |     5 ||    47
       Burn Spellbooks   |       |       |     2 |     1 |       ||     3
       Brothers in Arms  |       |       |       |     4 |     1 ||     5
  Use: Scroll            |       |       |       |    20 |     2 ||    22
       Potion            |       |       |       |     1 |       ||     1
 Stab: Sleeping          |       |     2 |     4 |     7 |       ||    13
       Distracted        |       |       |     1 |     3 |     1 ||     5
  Eat: Chunk             |     1 |    10 |    20 |    16 |     4 ||    51
       Ration            |       |     1 |     2 |    11 |     3 ||    17
Armor: Animal skin       |    37 |    59 |   127 |    14 |       ||   237
       Leather armour    |       |       |       |    90 |       ||    90
       Robe              |       |       |       |    62 |    50 ||   112
Dodge: Dodged            |    78 |   118 |   296 |   363 |    97 ||   952
